 Dungeon Crawl Stone Soup version 0.19-b1-3-g7dea586 (webtiles) character file.

1934 tv1990 the Cleaver (level 9, -26/64 HPs)
             Began as a Formicid Monk on Oct 28, 2016.
             Was a Priest of Okawaru.
             Annihilated by Ladykiller69's ghost (31 damage)
             ... on level 7 of the Dungeon.
             The game lasted 00:15:31 (4363 turns).

tv1990 the Cleaver (Formicid Monk)                  Turns: 4363, Time: 00:15:32

Health: -26/64     AC: 12    Str: 17    XL:     9   Next: 40%
Magic:  11/12      EV: 22    Int:  9    God:    Okawaru [***...]
Gold:   325        SH:  0    Dex: 21    Spells: 0 memorised, 8 levels left

rFire  . . .     SeeInvis +     a - +1 hand axe
rCold  . . .     Gourm    .     E - +5 ring mail of Filth {Slay+5 Stlth+}
rNeg   . . .     Faith    .     (no shield)
rPois  .         Spirit   .     (helmet unavailable)
rElec  +         Reflect  .     r - +0 cloak
rCorr  .         Harm     .     z - +0 pair of gloves
MR     .....                    (no boots)
Stlth  +++++.....               h - amulet of regeneration
                                d - +2 ring of strength
                                q - +4 ring of slaying

@: agile, heroism
A: permanent stasis, dig shafts and tunnels, four strong arms, antennae 3,
hooves 1, deformed body, dopey 1, electricity resistance, no device heal 1
a: Dig, Shaft Self, Heroism, Renounce Religion


You were on level 7 of the Dungeon.
You worshipped Okawaru.
Okawaru was most pleased with you.
You were not hungry.

You visited 2 branches of the dungeon, and saw 8 of its levels.

You collected 325 gold pieces.

Inventory:

Hand Weapons
 a - a +1 hand axe (weapon)
 t - a +0 flail of protection
Armour
 b - a +0 robe
 g - a +0 plate armour
 o - a +0 large shield
 r - a +0 cloak (worn)
 z - a +0 pair of gloves (worn)
 E - the +5 ring mail of Filth (worn) {Slay+5 Stlth+}
   (You found it on level 6 of the Dungeon)

   It affects your accuracy and damage with ranged weapons and melee attacks
   (+5).
   It makes you more stealthy.
Jewellery
 d - a +2 ring of strength (right hand)
 h - an amulet of regeneration (around neck)
 i - an uncursed amulet of the gourmand {unknown}
 q - a +4 ring of slaying (left hand)
 x - an uncursed ring of protection from cold
 A - a +4 ring of evasion {unknown}
Wands
 B - a wand of iceblast (5/15)
Scrolls
 s - 5 scrolls of recharging
 v - a scroll of identify
 w - a scroll of amnesia
 y - 2 scrolls of remove curse
 C - a scroll of magic mapping
 D - 2 scrolls of fog
Potions
 e - a potion of cancellation
 j - 3 potions of mutation {unknown}
 k - 3 potions of haste {unknown}
 l - a potion of agility
 m - 3 potions of curing {unknown}
 n - a potion of magic
Comestibles
 c - 5 bread rations
 f - 3 meat rations
 p - 4 slices of pizza
 u - 2 beef jerkies


   Skills:
 - Level 3.2(8.2) Fighting
 - Level 10.7(15.7) Axes
 + Level 2.9(7.9) Armour
 - Level 2.6(7.6) Dodging
 - Level 2.4(7.4) Stealth
 * Level 5.0 Invocations


You had 8 spell levels left.
You didn't know any spells.

Dungeon Overview and Level Annotations

Branches:
Dungeon (7/15)             Temple (1/1) D:5

Altars:
Cheibriados
Gozag
Hepliaklqana
Okawaru
Qazlal
Ru
Trog
Vehumet
Yredelemnul

Shops:
D:5 =

Annotations:
D:7 Ladykiller69's ghost, novice OgGl


Innate Abilities, Weirdness & Mutations

You are under a permanent stasis effect.
You can dig through walls and to a lower floor.
Your four strong arms can wield two-handed weapons with a shield.
You have a pair of large antennae on your head. (SInv)
You have large cloven feet.
Armour fits poorly on your strangely shaped body.
You are dopey. (Int -2)
You are resistant to electric shocks. (rElec)
Potions and wands are less effective at restoring your health.


Message History

You slash Ladykiller69's ghost! You kick Ladykiller69's ghost!
Ladykiller69's ghost is heavily damaged.
You hit Ladykiller69's ghost.
You kick Ladykiller69's ghost, but do no damage.
Ladykiller69's ghost is heavily damaged.
Ladykiller69's ghost hits you!!
* * * LOW HITPOINT WARNING * * *
You hit Ladykiller69's ghost.
You kick Ladykiller69's ghost, but do no damage.
Ladykiller69's ghost is heavily damaged.
You hit Ladykiller69's ghost.
You kick Ladykiller69's ghost, but do no damage.
Ladykiller69's ghost is severely damaged.
Ladykiller69's ghost hits you!!
* * * LOW HITPOINT WARNING * * *
You hear a shout! x2
You slice Ladykiller69's ghost!! Your kick misses Ladykiller69's ghost.
Ladykiller69's ghost is almost destroyed.
Ladykiller69's ghost hits you!!
You die...

...........#
...........##
...........' .>##.#
....$...... #. #.#.##.#
........... #. #.#.##.#
...$........#.##.#.##.#
.......r#{..#..#.#.##.#
{ #W# #{.....#.##.#
#######@# #......#.##.#
#>......# #......#'##'##
#.......###........<....
#.........+.............
#....).####.............
+......+................
#......############'####
#....<.........# #...#
#.############.###.###


You could see Ladykiller69's ghost and a quokka.

Vanquished Creatures
  A moth of wrath (D:5)
  Duvessa (D:6)
  A sky beast (D:5)
  An ice beast (D:7)
  A necrophage (D:6)
  3 ogres
  3 centaurs
  Dowan (D:6)
  A bullfrog zombie (D:5)
  2 jellies (D:6)
  An orc priest (D:4)
  2 centaur skeletons
  2 hounds
  2 orc wizards (D:4)
  3 iguanas (D:6)
  3 worker ants
  A hound skeleton (D:4)
  4 gnolls (D:4)
  5 adders
  2 shadow imps (D:6)
  A worm (D:5)
  A dart slug (D:1)
  4 leopard geckos
  15 orcs
  2 ball pythons
  7 bats
  6 giant cockroaches
  12 goblins
  10 hobgoblins
  7 jackals
  2 quokkas
  2 frilled lizards
  13 kobolds
  A quokka skeleton (D:4)
  9 rats
132 creatures vanquished.

Notes
Turn   | Place    | Note
-------+----------+-------------------------------------------
     0 | D:1      | tv1990 the Formicid Monk began the quest for the Orb.
     0 | D:1      | Reached XP level 1. HP: 18/18 MP: 1/1
   199 | D:1      | Reached XP level 2. HP: 22/24 MP: 2/2
   610 | D:2      | Reached skill level 4 in Axes
   610 | D:2      | Reached XP level 3. HP: 29/29 MP: 3/3
   631 | D:2      | Found a bloodstained altar of Trog.
   780 | D:2      | Found a faded altar of an unknown god.
  1245 | D:3      | Reached XP level 4. HP: 33/35 MP: 4/4
  1476 | D:3      | Reached skill level 5 in Axes
  1732 | D:4      | Reached XP level 5. HP: 41/41 MP: 5/5
  1739 | D:4      | Reached skill level 6 in Axes
  1742 | D:4      | Reached XP level 6. HP: 30/47 MP: 6/6
  1985 | D:4      | Noticed an ogre
  1991 | D:4      | Killed an ogre
  1991 | D:4      | Reached skill level 7 in Axes
  2141 | D:4      | Reached XP level 7. HP: 52/52 MP: 7/7
  2596 | D:5      | Entered Level 5 of the Dungeon
  2660 | D:5      | Found Patoubre's Jewellery Boutique.
  2731 | D:5      | Reached skill level 8 in Axes
  2901 | D:5      | Reached XP level 8. HP: 56/58 MP: 8/8
  2997 | D:5      | Reached skill level 9 in Axes
  3026 | D:5      | Found a staircase to the Ecumenical Temple.
  3033 | Temple   | Entered the Ecumenical Temple
  3044 | Temple   | Became a worshipper of Warmaster Okawaru
  3044 | Temple   | Reached * piety under Okawaru
  3044 | Temple   | Reached ** piety under Okawaru
  3074 | D:5      | Gained mutation: You have large cloven feet. [mutagenic meat]
  3075 | D:5      | Gained mutation: You are dopey. (Int -2) [mutagenic meat]
  3076 | D:5      | Gained mutation: Potions and wands are less effective at restoring your health. [mutagenic meat]
  3077 | D:5      | Gained mutation: You are resistant to electric shocks. (rElec) [mutagenic meat]
  3078 | D:5      | Gained mutation: Armour fits poorly on your strangely shaped body. [mutagenic meat]
  3308 | D:5      | Noticed a moth of wrath
  3311 | D:5      | Found a bloodstained altar of Trog.
  3400 | D:5      | Killed a moth of wrath
  3400 | D:5      | Reached skill level 10 in Axes
  3527 | D:6      | Found a sacrificial altar of Ru.
  3739 | D:6      | Reached XP level 9. HP: 33/64 MP: 9/9
  3805 | D:6      | Noticed Duvessa
  3817 | D:6      | Reached skill level 1 in Invocations
  3823 | D:6      | Killed Duvessa
  3823 | D:6      | Reached skill level 1 in Armour
  3854 | D:6      | Noticed Dowan
  3865 | D:6      | Killed Dowan
  4036 | D:6      | Reached *** piety under Okawaru
  4130 | D:6      | Got an encrusted ring mail
  4141 | D:6      | Identified the +5 ring mail of Filth {Slay+5 Stlth+} (You found it on level 6 of the Dungeon)
  4335 | D:7      | Reached skill level 5 in Invocations
  4342 | D:7      | Noticed Ladykiller69's ghost (novice OgGl)
  4363 | D:7      | Annihilated by Ladykiller69's ghost

Skill      XL: |  1  2  3  4  5  6  7  8  9 |
---------------+----------------------------+-----
Axes           | 4 5 6 7 8 10 | 10.7
Invocations    | 5 |  5.0
Armour         | 2 |  2.9
Fighting       | |  3.2
Dodging        | |  2.6
Stealth        | |  2.4

Action                   |  1- 3 |  4- 6 |  7- 9 || total
-------------------------+-------+-------+-------++-------
Melee: Hand axe          |   104 |   116 |   252 ||   472
       Kick              |       |       |    47 ||    47
Invok: Heroism           |       |       |     4 ||     4
 Abil: Dig               |     1 |       |     2 ||     3
  Use: Scroll            |     6 |     3 |     3 ||    12
       Potion            |       |       |     3 ||     3
 Stab: Sleeping          |     1 |       |       ||     1
  Eat: Chunk             |       |     4 |    13 ||    17
Armor: Robe              |    10 |       |       ||    10
       Plate armour      |    66 |    86 |    99 ||   251
       Ring mail         |       |       |     2 ||     2
Dodge: Dodged            |    39 |    23 |    67 ||   129

Table legend:
 A = Turns spent in this place as a percentage of turns spent in the entire game.
 B = Non-inter-level travel turns spent in this place as a percentage of non-inter-level travel turns spent in the entire game.
 C = Inter-level travel turns spent in this place as a percentage of turns spent in this place.
 D = Turns resting spent in this place as a percentage of non-inter-level travel turns spent in this place.
 E = Turns spent auto-exploring this place as a percentage of non-inter-level travel turns spent in this place.
 F = Non-inter-level travel turns spent in this place divided by the number of levels of this place that you've seen.
                   A       B       C       D       E      F
               +-------+-------+-------+-------+-------+----------------------
         Total | 100.0 | 100.0 |   0.5 |   1.3 |  21.5 | 158.2
       Dungeon |  98.1 |  98.1 |   0.6 |   1.4 |  21.8 | 177.4
        Temple |   1.9 |   1.9 |   0.0 |   0.0 |   4.2 |  24.0
               +-------+-------+-------+-------+-------+----------------------

Table legend:
 A = Kills in this place as a percentage of kills in entire the game.
 B = Kills by you in this place as a percentage of kills by you in the entire game.
 C = Kills by friends in this place as a percentage of kills by friends in the entire game.
 D = Other kills in this place as a percentage of other kills in the entire game.
 E = Experience gained in this place as a percentage of experience gained in the entire game.
 F = Experience gained in this place divided by the number of levels of this place that you have seen.
                   A       B       C       D       E      F
               +-------+-------+-------+-------+-------+----------------------
         Total | 100.0 | 100.0 |  -nan |  -nan | 100.0 | 345.4
       Dungeon | 100.0 | 100.0 |  -nan |  -nan | 100.0 | 394.7
               +-------+-------+-------+-------+-------+----------------------

Vault maps used:
D:1:      zelgadis_glass_arrival_large, serial_curves, eino_curves_02,
          eino_curves_01, eino_curves_03
D:2:      ecumenical_altar_2, hangedman_decor_clover_reticule, lemuel_tele_altar
D:3:      first_bread
D:4:      corexii_shantytown, minmay_misc_feat_roman
D:5:      serial_shops, kennysheep_mini_moat, tgw_trog
D:6:      basic_altar, uniq_duvessa
D:7:      serial_shops, shop
Temple:   nicolae_temple_the_god_donut
